 Dungeon Crawl Stone Soup version 0.25.0-9-g26727b657a (webtiles) character file.

Game seed: 9137982794794212597

24 Esekla the Grasshopper (level 2, -2/16 HPs)
             Began as a Deep Elf Warper on June 20, 2020.
             Slain by an adder (3 damage)
             ... on level 3 of the Dungeon.
             The game lasted 00:06:45 (1257 turns).

Esekla the Grasshopper (Deep Elf Warper)            Turns: 1257, Time: 00:06:45

Health: -2/16      AC:  1    Str:  8    XL:     2   Next: 79%
Magic:  3/8        EV: 13    Int: 17    God:
Gold:   38         SH:  0    Dex: 14    Spells: 3/7 levels left

rFire    . . .     SeeInvis .   l - +0 long sword
rCold    . . .     Gourm    .   (no shield)
rNeg     . . .     Faith    .   (no armour)
rPois    .         Spirit   .   (no helmet)
rElec    .         Reflect  .   (no cloak)
rCorr    .         Harm     .   c - +0 pair of gloves
MR       .....                  (no boots)
Stlth    +.........             (no amulet)
HPRegen  0.05/turn              (no ring)
MPRegen  0.11/turn              (no ring)

@: lethally poisoned (-2 -> -17), very slightly contaminated, hasted, very quick
A: no striking features
a: no special abilities


You were on level 3 of the Dungeon.
You were hungry.

You visited 1 branch of the dungeon, and saw 3 of its levels.

You collected 38 gold pieces.

Inventory:

Hand Weapons
 a - a +0 falchion
 g - a +0 spear
 j - a +3 dagger
 l - a +0 long sword (weapon)
Missiles
 e - 5 boomerangs of dispersal (quivered)
 o - 2 boomerangs
Armour
 c - a +0 pair of gloves (worn)
 k - a +0 cloak
 n - a +3 ring mail
Scrolls
 b - 2 scrolls of identify {unknown}
 d - a scroll of blinking
 m - a scroll of enchant weapon {unknown}
Comestibles
 f - 3 rations
 i - a chunk of flesh


   Skills:
 - Level 1.5 Fighting
 * Level 2.7 Long Blades
 + Level 1.0 Throwing
 - Level 0.7 Armour
 * Level 2.6 Dodging
 - Level 3.0 Spellcasting
 + Level 3.5 Translocations


You had 3 spell levels left.
You knew the following spells:

 Your Spells              Type           Power        Failure   Level  Hunger
a - Shroud of Golubria    Chrm/Tloc      #.....       13%         2    ##.....
b - Blink                 Tloc           N/A          6%          2    ##.....

Your spell library contained the following spells:

 Spells                   Type           Power        Failure   Level  Hunger
 Gell's Gravitas          Tloc           ##........   12%         3    ###....
 Lesser Beckoning         Tloc           ##........   12%         3    ###....
 Teleport Other           Tloc           ##......     12%         3    ###....
 Passage of Golubria      Tloc           N/A          36%         4    ####...


Dungeon Overview and Level Annotations

Branches:
Dungeon (3/15)

Altars:


Message History

The adder bites you but does no damage. The adder closely misses you.
You hit the adder but do no damage.
The adder is heavily wounded.
Your shroud unravels.
You feel sick. The adder closely misses you.
You closely miss the adder.
The adder is heavily wounded.
The adder closely misses you. The adder bites you.
* * * LOW HITPOINT WARNING * * *
You are more poisoned.
The adder poisons you!
It was a potion of haste.
You feel yourself speed up. The adder bites you.
* * * LOW HITPOINT WARNING * * *
You are more poisoned.
The adder poisons you!
You barely miss the adder.
The adder is heavily wounded.
* * * LOW HITPOINT WARNING * * *
You feel sick. The adder bites you.
You die...

## ##. ###### #..
......# #.#
.......####.#
=...........#
(......@S#..#### .
########.......########.
###.##..†.....<..
#.##.#######.## ..##...#
##..# ..#####.###..##
#.# #..#..## .. ##.#.##
##. #.#.#


You could see an adder.

Vanquished Creatures
  2 dart slugs
  A ball python (D:2)
  5 bats
  4 goblins
  A hobgoblin (D:2)
  3 frilled lizards
  3 kobolds (D:2)
  2 rats (D:2)
21 creatures vanquished.

Notes
Turn   | Place    | Note
-------+----------+-------------------------------------------
     0 | D:1      | Esekla the Deep Elf Warper began the quest for the Orb.
     0 | D:1      | Reached XP level 1. HP: 12/12 MP: 6/6
   348 | D:2      | Reached XP level 2. HP: 9/16 MP: 8/8
   628 | D:2      | Learned a level 2 spell: Shroud of Golubria
   631 | D:2      | Learned a level 2 spell: Blink
  1257 | D:3      | Slain by an adder

Illustrated notes

Levels and vault maps discovered:
D:1:      minmay_arrival_plants_in_alcoves, layout_basic
D:2:      layout_basic, minmay_misc_feat_nine_boxes, minivault_14
D:3:      layout_rooms, first_ration, uniq_terence, uniq_grinder

Skill      XL: |  1 |
---------------+----+-----
Long Blades    | 2 |  2.7
Fighting       | |  1.5
Throwing       | |  1.0
Armour         | |  0.7
Dodging        | |  2.6
Spellcasting   | |  3.0
Translocations | |  3.5

Action                   || total
-------------------------++-------
Melee: Falchion          ||    58
       Long sword        ||    13
 Cast: Shroud of Golubri ||     8
       Blink             ||     1
  Use: Potion            ||     1
 Stab: Sleeping          ||     1
  Eat: Chunk             ||     1
Armor: Skin              ||     8
Dodge: Dodged            ||    53
       Rpst.: Falchion   ||    14
       Long sword        ||     1
